 Dungeon Crawl Stone Soup version 0.32-a0-960-g3814254bd7 (webtiles) character file.

Game seed: 6964058175894495568

2732 Gadrel the Covert (level 9, -1/50 HPs)
             Began as a Vampire Delver on Apr 17, 2024.
             Was a Believer of Kikubaaqudgha.
             Slain by a wyvern (14 damage)
             ... on level 7 of the Dungeon.
             The game lasted 00:29:00 (7352 turns).

Gadrel the Covert (Vampire Delver)                  Turns: 7352, Time: 00:29:00

Health: -1/50      AC: 11    Str: 11    XL:     9   Next: 40%
Magic:  3/13       EV: 10    Int: 17    God:    Kikubaaqudgha [**....]
Gold:   99         SH:  0    Dex: 15    Spells: 2/14 levels left

rFire   + . .        a - +2 dagger (venom)
rCold   + . .        (no shield)
rNeg    + + +        N - +0 acid dragon scales
rPois   ∞            B - +0 helmet
rElec   .            (no cloak)
rCorr   +            w - +0 pair of gloves
SInv    +            z - +0 pair of boots
Will    .....        r - amulet of the acrobat
Stlth   +++++++      f - ring of fire {rF+, rC-}
HPRegen 0.00/turn    (no ring)
MPRegen 0.13/turn

%: acrobat, clarity
@: about to teleport, bloodless, inhibited regen
A: bloodless, fangs 3, see invisible, vampiric 2, iridescent scales 1, clarity
a: Bat Form, Revivify, Renounce Religion, Unearth Wretches


You were on level 7 of the Dungeon.
You worshipped Kikubaaqudgha.
Kikubaaqudgha was pleased with you.
You visited 1 branch of the dungeon, and saw 7 of its levels.
You also visited: Sewer.

You collected 243 gold pieces.
You spent 144 gold pieces at shops.

Inventory:

Hand Weapons
 a - a +2 dagger of venom (weapon)
   (You took it off an orc on level 5 of the Dungeon)
 b - a +1 trident of flaming
   (You found it on level 2 of the Dungeon)
 n - a +0 long sword
   (You found it on level 2 of the Dungeon)
 p - a +0 shortbow
   (You found it on level 1 of the Dungeon)
 t - a +2 whip of flaming
   (You took it off Pikel on level 6 of the Dungeon)
 v - a +0 sling
   (You found it on level 2 of the Dungeon)
 K - a +0 dagger of flaming
   (You took it off a kobold in a sewer)
 L - a +1 heavy morningstar
   (You took it off Maggie on level 6 of the Dungeon)
Missiles
 s - 46 stones
 u - 6 boomerangs
 A - 16 poisoned darts
Armour
 w - a +0 pair of gloves (worn)
   (You found it on level 3 of the Dungeon)
 z - a +0 pair of boots (worn)
   (You found it on level 3 of the Dungeon)
 B - a +0 helmet (worn)
   (You took it off Robin on level 3 of the Dungeon)
 N - +0 acid dragon scales (worn)
   (You took it off Maggie on level 6 of the Dungeon)
Magical Staves
 q - a staff of cold {rC+}
   (You found it on level 1 of the Dungeon)
Jewellery
 f - a ring of fire (left hand) {rF+, rC-}
   (You bought it in a shop on level 6 of the Dungeon)
 r - an amulet of the acrobat (around neck)
   (You found it on level 1 of the Dungeon)
Wands
 d - a wand of digging (3)
 C - a wand of warping (3)
   (You took it off Robin on level 3 of the Dungeon)
Scrolls
 c - 3 scrolls of fog
 e - 4 scrolls of immolation {unknown}
 g - a scroll of revelation
 i - a scroll of enchant weapon
 k - 2 scrolls of vulnerability {unknown}
 o - 2 scrolls of brand weapon
 x - a scroll of poison {!r}
 y - a scroll of noise {unknown}
 F - a scroll of amnesia {unknown}
 Y - 2 scrolls of teleportation {@r3}
Potions
 h - 2 potions of brilliance {unknown}
 j - a potion of might {unknown}
 l - a potion of enlightenment {unknown}
 m - 3 potions of heal wounds {unknown}
 D - 2 potions of berserk rage {unknown}
 E - a potion of invisibility {unknown}
 G - a potion of resistance {unknown}
 H - 3 potions of haste
 I - a potion of experience {unknown}
 J - 6 potions of curing {@q1}
 M - 4 potions of magic
 U - 4 potions of mutation {!q}


   Skills:
 - Level 3.0 Fighting
 - Level 4.0 Short Blades
 - Level 2.1 Dodging
 + Level 12.9 Stealth
 - Level 3.0 Spellcasting
 - Level 5.0 Hexes
 + Level 7.2 Necromancy
 - Level 3.0 Air Magic
 - Level 5.0 Alchemy
 - Level 1.0 Evocations


You had 2 spell levels left.
You knew the following spells:

 Your Spells              Type           Power      Damage    Failure   Level
a - Cigotuvi's Dreadful   Necr/Alch/Air  38%        N/A       5%          2
b - Tukima's Dance        Hex            19%        N/A       11%         3
x - Vampiric Draining     Necr           27%        2d7       4%          3
A - Animate Dead          Necr           27%        N/A       14%         4

Your spell library contained the following spells:

 Spells                   Type           Power      Damage    Failure   Level
 Necrotise                Necr           100%       1d9       1%          1
 Kiss of Death            Conj/Necr      56%        2d9       6%          1
 Dimensional Bullseye     Hex/Tloc       5%         N/A       67%         4
 Ignite Poison            Fire/Alch      16%        N/A       67%         4
 Iskenderun's Mystic Bla Conj/Tloc 2%             2d3        (+2d1     95%         4
 Freezing Cloud           Conj/Ice/Air   2%         6-21      99%         5


Dungeon Overview and Level Annotations

Branches:
Dungeon (7/15)             Temple (0/1) D:5           Sewer (visited)

Altars:
Cheibriados
Fedhas
Kikubaaqudgha
Ru
Trog
Yredelemnul

Shops:
D:4 *   D:6 *:*:

Annotations:
D:2 Terence
D:4 exclusions: 2 orcs, orc priest and orc wizard


Innate Abilities, Weirdness & Mutations

You do not regenerate when monsters are visible.
You are frail without blood (-20% HP).
You can heal yourself when you bite living creatures.
You are immune to poison.
You have razor-sharp teeth.
You have supernaturally acute eyesight. (SInv)
You are afflicted with vampirism and can become a bat while bloodless.
You are partially covered in iridescent scales. (AC +2)
You possess an exceptional clarity of mind.


Message History

Your howler monkey zombie misses the water moccasin.
You take 2 damage, and have 12/50 hp.
You now have 7/13 mp.
Press: ? - help, Shift-Dir - straight line, f/p - water moccasin
Aim: a water moccasin (heavily wounded, ally target)
You draw life force from the water moccasin!
You feel life coursing into your body. The water moccasin bites you.
* * * LOW HITPOINT WARNING * * *
Your howler monkey zombie closely misses the water moccasin.
You regained 3 hp, and now have 15/50 hp.
You now have 4/13 mp.
Press: ? - help, Shift-Dir - straight line, f/p - water moccasin
Aim: a water moccasin (severely wounded, ally target)
You draw life force from the water moccasin.
You feel life coursing into your body. The water moccasin closely misses you.
A howler monkey comes into view.
The water moccasin bites you!
* * * LOW HITPOINT WARNING * * *
Your howler monkey zombie misses the water moccasin.
You take 5 damage, and have 10/50 hp.
You now have 1/13 mp.
You don't have enough magic to cast this spell.
You swap places.
The water moccasin bites your scorpion zombie.
Your scorpion zombie hits the water moccasin.
The water moccasin dies!
Kikubaaqudgha accepts your kill.
Your Necromancy skill increases to level 7!
The howler monkey hoots and howls with incredible vigour!
The howler monkey barely misses your sky beast zombie.
A howler monkey is nearby!
Your sky beast zombie hits the howler monkey.
The howler monkey barely misses your sky beast zombie.
The howler monkey barely misses your sky beast zombie.
Your sky beast zombie misses the howler monkey.
The howler monkey hits your sky beast zombie.
Your sky beast zombie hits the howler monkey but does no damage.
The howler monkey hoots and howls with incredible vigour!
The howler monkey barely misses your sky beast zombie.
Your sky beast zombie hits the howler monkey.
The howler monkey closely misses your sky beast zombie.
Your sky beast zombie misses the howler monkey.
The howler monkey hits your sky beast zombie.
Your sky beast zombie is destroyed!
The howler monkey hits your howler monkey zombie.
Your howler monkey zombie hits the howler monkey.
The howler monkey hoots and howls with incredible vigour!
Your howler monkey zombie hits the howler monkey.
The howler monkey hits your howler monkey zombie.
Your howler monkey zombie closely misses the howler monkey.
The howler monkey hits your howler monkey zombie.
The howler monkey closely misses your howler monkey zombie.
Your howler monkey zombie hits the howler monkey.
The howler monkey dies!
Kikubaaqudgha accepts your kill.
A howler monkey comes into view.
Your howler monkey zombie hits the howler monkey but does no damage.
You hear an angry hiss.
A howler monkey is nearby!
The howler monkey hits your howler monkey zombie.
The howler monkey hits your howler monkey zombie!
Your howler monkey zombie is destroyed!
The howler monkey hits your scorpion zombie.
Your scorpion zombie misses the howler monkey.
The howler monkey hits your scorpion zombie.
Your scorpion zombie hits the howler monkey.
The howler monkey hits your scorpion zombie.
The howler monkey hoots and howls with incredible vigour!
Your scorpion zombie hits the howler monkey but does no damage.
The howler monkey hits your scorpion zombie.
Your scorpion zombie hits the howler monkey.
The howler monkey hits your scorpion zombie.
Your scorpion zombie hits the howler monkey.
The howler monkey hits your scorpion zombie but does no damage.
Your scorpion zombie barely misses the howler monkey.
The howler monkey hits your scorpion zombie.
Your scorpion zombie hits the howler monkey.
The howler monkey hoots and howls with incredible vigour!
The howler monkey hits your scorpion zombie.
Your scorpion zombie barely misses the howler monkey.
The howler monkey hits your scorpion zombie.
Your scorpion zombie hits the howler monkey.
The howler monkey hoots and howls with incredible vigour!
Your scorpion zombie hits the howler monkey.
The howler monkey barely misses your scorpion zombie.
Your scorpion zombie barely misses the howler monkey.
The howler monkey hoots and howls with incredible vigour!
Your scorpion zombie hits the howler monkey.
The howler monkey dies!
Kikubaaqudgha accepts your kill.
A wyvern comes into view.
The wyvern bites your scorpion zombie.
Your scorpion zombie is destroyed!
As you read the scroll of teleportation {@r3}, it crumbles to dust.
You feel strangely unstable.
Press: ? - help, Shift-Dir - straight line, f - wyvern
Aim: a wyvern You draw life force from the wyvern.
You feel life coursing into your body.
The howler monkey howls!
The wyvern bites you!
You die...
Kikubaaqudgha rasps: You have failed me!
Welcome... oblivion!

##....#
#.#..~~≈≈~≈~...#...
#######
#...≈≈≈≈≈≈≈≈~..#...
#
#..~~≈≈≈~~≈≈~~.#...
#
#..~≈≈~..P~≈≈~.....
#
#.~≈≈~P..P♣~≈~~....
#
#.≈≈≈~>._P<~≈≈~....
#
#.~~≈~♣.♣.♣~≈~~....
#
#..~≈≈~...~~~≈.....
#.@~≈≈~≈~≈≈≈≈~.....
#..k~≈≈≈≈≈≈≈~......
#....~~~≈≈~≈.......
##.#...~~~.....####
#...#.....#..#
###...h.....#
####.###### #.# #.#


You could see a wyvern and a howler monkey.

Vanquished Creatures
  Pikel (D:6)
  Maggie (D:6)
  A steam dragon (D:7)
  3 black bears
  A sky beast (D:7)
  A crocodile (Sewer)
  An ogre (D:6)
  A lemure (D:6)
  A kobold brigand (Sewer)
  A bullfrog (D:6)
  2 scorpions
  3 howler monkeys (D:7)
  A bombardier beetle (D:4)
  3 hounds (D:5)
  An orc priest (D:5)
  4 iguanas
  A gnoll bouda (D:4)
  Jessica (D:2)
  3 orc wizards
  Natasha (D:2)
  Robin (D:3)
  9 adders
  3 gnolls (D:5)
  A river rat (D:6)
  2 shadow imps (D:6)
  3 white imps
  4 ufetubi (D:6)
  3 ribbon worms
  2 dart slugs
  16 orcs
  14 ball pythons
  3 bats
  11 endoplasms
  5 giant cockroaches
  8 hobgoblins
  12 kobolds
  5 quokkas
  4 frilled lizards
  19 goblins
  6 rats
163 creatures vanquished.

Vanquished Creatures (collateral kills)
  A water moccasin (D:7)
  An ice beast (D:7)
  2 howler monkeys (D:7)
4 creatures vanquished.

Vanquished Creatures (others)
  3 howler monkeys (D:7)
  A scorpion zombie (D:7)
  A sky beast zombie (D:7)
  2 howler monkey zombies (D:7)
7 creatures vanquished.

Grand Total: 174 creatures vanquished

Notes
Turn   | Place    | Note
-------+----------+-------------------------------------------
     0 | D:5      | Gadrel the Vampire Delver began the quest for the Orb.
     0 | D:5      | Reached XP level 1. HP: 17/17 MP: 1/1
    22 | D:4      | Noticed an orc wizard
   155 | D:3      | Found a snail-covered altar of Cheibriados.
   211 | D:3      | Noticed an orc wizard
   284 | D:2      | Reached skill level 3 in Fighting
   284 | D:2      | Reached XP level 2. HP: 24/24 MP: 2/2
   326 | D:2      | Reached skill level 3 in Short Blades
   326 | D:2      | Gained mutation: You are afflicted with vampirism and can
                  | become a bat while bloodless. [Vampire growth]
   326 | D:2      | Reached XP level 3. HP: 29/29 MP: 3/3
   440 | D:2      | Reached skill level 8 in Stealth
  1267 | D:1      | Learned a level 2 spell: Cigotuvi's Dreadful Rot
  1300 | D:2      | Reached XP level 4. HP: 22/28 MP: 4/4
  1444 | D:2      | Noticed Jessica
  1452 | D:2      | Killed Jessica
  1500 | D:2      | Found a faded altar of an unknown god.
  1527 | D:2      | Prayed at the altar of an unknown god.
  1527 | D:2      | Became a worshipper of Ru the Awakened
  1602 | D:2      | Noticed Natasha
  1606 | D:2      | Killed Natasha
  1607 | D:2      | Reached skill level 4 in Short Blades
  1607 | D:2      | Reached skill level 9 in Stealth
  1764 | D:2      | Reached XP level 5. HP: 29/32 MP: 5/5
  1793 | D:2      | Noticed Terence
  2189 | D:3      | Found an ancient bone altar of Kikubaaqudgha.
  2315 | D:3      | Fell from the grace of Ru
  2315 | D:3      | Became a worshipper of Kikubaaqudgha
  2342 | D:4      | Noticed Robin
  2460 | D:3      | Killed Robin
  2461 | D:3      | Reached skill level 1 in Necromancy
  2461 | D:3      | Reached skill level 1 in Air Magic
  2461 | D:3      | Reached skill level 1 in Alchemy
  2600 | D:4      | Reached skill level 1 in Spellcasting
  3087 | D:4      | Reached XP level 6. HP: 29/37 MP: 7/7
  3230 | D:4      | Found Igaanwuy's Mayhem Merchandise.
  3519 | D:3      | Learned a level 3 spell: Tukima's Dance
  3604 | D:5      | Reached skill level 1 in Evocations
  3626 | D:5      | Reached skill level 2 in Necromancy
  3626 | D:5      | Reached skill level 2 in Air Magic
  3626 | D:5      | Reached skill level 2 in Alchemy
  3811 | D:5      | Reached skill level 2 in Spellcasting
  3811 | D:5      | Reached XP level 7. HP: 41/41 MP: 8/10
  3905 | D:5      | Reached skill level 10 in Stealth
  4019 | D:5      | Reached * piety under Kikubaaqudgha
  4019 | D:5      | Received a gift from Kikubaaqudgha
  4034 | D:5      | HP: 10/41 [gnoll/+2 heavy halberd[a gnoll bouda] (9)]
  4162 | D:4      | Learned a level 3 spell: Vampiric Draining
  4452 | D:5      | Found a staircase to the Ecumenical Temple.
  4927 | D:5      | Reached skill level 3 in Necromancy
  4929 | D:5      | Reached skill level 3 in Alchemy
  5337 | D:6      | Reached skill level 3 in Air Magic
  5372 | D:6      | Found Qoilise's Book Emporium.
  5391 | D:6      | Found a bloodstained altar of Trog.
  5437 | D:6      | Reached skill level 3 in Spellcasting
  5437 | D:6      | Reached skill level 1 in Hexes
  5437 | D:6      | Reached XP level 8. HP: 46/46 MP: 12/12
  5495 | D:6      | Found a glowing drain.
  5499 | Sewer    | Entered a sewer
  5527 | Sewer    | Reached skill level 4 in Necromancy
  5546 | Sewer    | Reached skill level 2 in Hexes
  5723 | Sewer    | Reached ** piety under Kikubaaqudgha
  5875 | Sewer    | Reached skill level 3 in Hexes
  5875 | Sewer    | Reached skill level 4 in Alchemy
  5983 | D:6      | Noticed Maggie
  6040 | D:6      | Found Ezelam's General Store.
  6111 | D:6      | Noticed Pikel
  6160 | D:6      | HP: 9/43 [lemure[Pikel] (3)]
  6162 | D:6      | Gained mutation: You possess an exceptional clarity of
                  | mind. [potion of mutation]
  6162 | D:6      | Gained mutation: You are partially covered in iridescent
                  | scales. (AC +2) [potion of mutation]
  6212 | D:6      | HP: 10/43 [Pikel/+2 whip of flaming (2)]
  6217 | D:6      | Killed Pikel
  6218 | D:6      | Reached skill level 11 in Stealth
  6218 | D:6      | Reached skill level 4 in Hexes
  6218 | D:6      | Reached skill level 5 in Necromancy
  6395 | D:6      | Reached skill level 5 in Hexes
  6395 | D:6      | Reached skill level 5 in Alchemy
  6446 | D:6      | Found Daripiuz's Assorted Antiques.
  6450 | D:6      | Bought a garnet ring for 105 gold pieces
  6450 | D:6      | Bought a fizzy purple potion for 18 gold pieces
  6450 | D:6      | Bought a scroll labelled FUANUL OTUKLAMI for 21 gold pieces
  6469 | D:6      | Learned a level 4 spell: Animate Dead
  6587 | D:6      | Found Vomosmuf's Book Emporium.
  6888 | D:6      | Killed Maggie
  6889 | D:6      | Reached skill level 6 in Necromancy
  6889 | D:6      | Reached XP level 9. HP: 50/50 MP: 13/13
  6993 | D:7      | Found a basalt altar of Yredelemnul.
  7091 | D:7      | Reached skill level 12 in Stealth
  7256 | D:7      | Found a blossoming altar of Fedhas.
  7315 | D:7      | HP: 12/50 [water moccasin (5)]
  7319 | D:7      | Reached skill level 7 in Necromancy
  7352 | D:7      | Slain by a wyvern

Illustrated notes

Levels and vault maps discovered:
D:1:      lightli_arrival_maybe_door_vault, layout_basic
D:2:      kennysheep_six_static_rooms, layout_basic,
          dreamdust_ecumenical_altar_statues, reono_crystal_passage,
          uniq_terence, uniq_natasha, uniq_jessica
D:3:      layout_rooms, mainiacjoe_overflow_catch_the_wave, chequers_mini_garden
D:4:      layout_loops_corners, lemuel_round_altar, minmay_shop_mayhem,
          uniq_robin
D:5:      layout_layer_cave, minmay_temple_entry_statues_pillars,
          grunt_ministairs_1, kennysheep_cross_room
D:6:      layout_loops_ring, bloody_trog, zin_scriptorium, serial_shops,
          nicolae_shop_tiny_statue_garden, nicolae_shop_pleasant_corner_grove,
          shop, nicolae_stop_n_shop_1, gup_sewer_entry_bowl, dk_vineyard_2,
          uniq_pikel, uniq_maggie
D:7:      layout_basic, mainiacjoe_overflow_six_doors_small,
          fedhas_ov_isle_minmay, serial_bayou, serial_bayou_lagoon_a,
          serial_bayou_pond_e, serial_bayou_shore_a, serial_bayou_pond_c,
          dk_rats_in_the_wall

Skill      XL: |  1  2  3  4  5  6  7  8  9 |
---------------+----------------------------+-----
Fighting       | 3 |  3.0
Short Blades   | 3 4 |  4.0
Stealth        | 8 9 10 11 12 | 12.9
Necromancy     | 1 2 3 6 7 |  7.2
Air Magic      | 1 2 3 |  3.0
Alchemy        | 1 2 3 5 |  5.0
Spellcasting   | 1 2 3 |  3.0
Evocations     | 1 |  1.0
Hexes          | 1 5 |  5.0
Dodging        | |  2.1

Action                     |  1- 3 |  4- 6 |  7- 9 || total
---------------------------+-------+-------+-------++-------
  Melee: Short sword       |    27 |       |       ||    27
         Bite              |    15 |     8 |    29 ||    52
         Dagger            |    53 |    35 |   194 ||   282
         Trident           |    19 |    89 |    37 ||   145
         Unarmed           |       |       |    10 ||    10
  Throw: Stone             |       |     1 |     1 ||     2
         Dart              |       |       |    11 ||    11
   Cast: Vampiric Draining |       |       |    22 ||    22
         Cigotuvi's Dreadf |       |       |     2 ||     2
         Tukima's Dance    |       |       |     2 ||     2
         Animate Dead      |       |       |     1 ||     1
Ability: Exsanguinate      |     1 |       |       ||     1
         End Transformatio |       |       |     1 ||     1
         Bat Form          |       |       |     1 ||     1
    Use: Scroll            |       |     4 |     2 ||     6
         Potion            |       |       |     4 ||     4
   Stab: Sleeping          |    19 |    17 |    14 ||    50
         Distracted        |       |       |     2 ||     2
 Armour: Leather armour    |    62 |    75 |   113 ||   250
         Skin              |       |       |     3 ||     3
         Acid dragon scale |       |       |    40 ||    40
  Dodge: Dodged            |    33 |    61 |   155 ||   249

Table legend: (Time is in decaauts)
 A = Elapsed time spent in this place.
 B = Non-inter-level travel time spent in this place.
 C = Inter-level travel time spent in this place.
 D = Time resting spent in this place.
 E = Time spent auto-exploring this place.
 F = Levels seen in this place.
 G = Mean time per level.
                   A        B        C        D        E       F      G
               +--------+--------+--------+--------+--------+-----+--------+
         Total |   7345 |   7014 |    331 |    563 |   4298 |   8 |  918.1 |
       Dungeon |   6852 |   6521 |    331 |    481 |   4192 |   7 |  978.9 |
         Sewer |    493 |    493 |      0 |     82 |    105 |   1 |  493.0 |
               +--------+--------+--------+--------+--------+-----+--------+

Top non-repeatable levels by time:
     D:5: 1507 daAuts
     D:4: 1462 daAuts
     D:6: 1152 daAuts
     D:1: 823 daAuts
     D:3: 782 daAuts
     D:2: 716 daAuts
   Sewer: 493 daAuts
     D:7: 408 daAuts

Levels and vault maps discovered:
D:1:      lightli_arrival_maybe_door_vault, layout_basic
D:2:      kennysheep_six_static_rooms, layout_basic,
          dreamdust_ecumenical_altar_statues, reono_crystal_passage,
          uniq_terence, uniq_natasha, uniq_jessica
D:3:      layout_rooms, mainiacjoe_overflow_catch_the_wave, chequers_mini_garden
D:4:      layout_loops_corners, lemuel_round_altar, minmay_shop_mayhem,
          uniq_robin
D:5:      layout_layer_cave, minmay_temple_entry_statues_pillars,
          grunt_ministairs_1, kennysheep_cross_room
D:6:      layout_loops_ring, bloody_trog, zin_scriptorium, serial_shops,
          nicolae_shop_tiny_statue_garden, nicolae_shop_pleasant_corner_grove,
          shop, nicolae_stop_n_shop_1, gup_sewer_entry_bowl, dk_vineyard_2,
          uniq_pikel, uniq_maggie
D:7:      layout_basic, mainiacjoe_overflow_six_doors_small,
          fedhas_ov_isle_minmay, serial_bayou, serial_bayou_lagoon_a,
          serial_bayou_pond_e, serial_bayou_shore_a, serial_bayou_pond_c,
          dk_rats_in_the_wall

Table legend: (Time is in decaauts)
 A = Elapsed time spent in this place.
 B = Non-inter-level travel time spent in this place.
 C = Inter-level travel time spent in this place.
 D = Time resting spent in this place.
 E = Time spent auto-exploring this place.
 F = Levels seen in this place.
 G = Mean time per level.
                   A        B        C        D        E       F      G
               +--------+--------+--------+--------+--------+-----+--------+
         Total |   7345 |   7014 |    331 |    563 |   4298 |   8 |  918.1 |
       Dungeon |   6852 |   6521 |    331 |    481 |   4192 |   7 |  978.9 |
         Sewer |    493 |    493 |      0 |     82 |    105 |   1 |  493.0 |
               +--------+--------+--------+--------+--------+-----+--------+

Top non-repeatable levels by time:
     D:5: 1507 daAuts
     D:4: 1462 daAuts
     D:6: 1152 daAuts
     D:1: 823 daAuts
     D:3: 782 daAuts
     D:2: 716 daAuts
   Sewer: 493 daAuts
     D:7: 408 daAuts

Table legend:
 A = Kills in this place as a percentage of kills in the entire game.
 B = Kills by you in this place as a percentage of kills by you in the entire game.
 C = Kills by friends in this place as a percentage of kills by friends in the entire game.
 D = Other kills in this place as a percentage of other kills in the entire game.
 E = Experience gained in this place as a percentage of experience gained in the entire game.
 F = Experience gained in this place divided by the number of levels of this place that you have seen.
                   A       B       C       D       E      F
               +-------+-------+-------+-------+-------+----------------------
         Total | 100.0 | 100.0 | 100.0 | 100.0 | 100.0 | 488.0
       Dungeon |  86.8 |  86.4 | 100.0 | 100.0 |  92.3 | 514.6
         Sewer |  13.2 |  13.6 |   0.0 |   0.0 |   7.7 | 302.0
               +-------+-------+-------+-------+-------+----------------------
